 Dungeon Crawl Stone Soup version 0.15.0-8-gb109cf8 (webtiles) character file.

1115 Raurakos the Basher (level 8, -5/61 HPs)
             Began as a White Draconian Death Knight on Aug 29, 2014.
             Was a Priest of Yredelemnul.
             Asphyxiated
             ... on Level 6 of the Dungeon.
             The game lasted 00:38:57 (6545 turns).

Raurakos the Basher (White Draconian Death Knight)  Turns: 6545, Time: 00:38:59

HP  -5/61        AC  7     Str 16      XL: 8   Next: 12%
MP  12/12        EV 12     Int 16      God: Yredelemnul [***...]
Gold 252         SH  0     Dex 13      Spells:  0 memorised,  7 levels left

rFire  . . .     SeeInvis .     a - +1 mace (crush)
rCold  + . .     Clarity  .     (armour unavailable)
rNeg   . . .     rCorr    .     (no shield)
rPois  .         rRot     .     q - +0 hat
rElec  .         Spirit   .     (no cloak)
SustAb .         Warding  .     (no gloves)
rMut   .         Stasis   .     i - +0 pair of boots
Gourm  .                        (no amulet)
MR     .....                    (no ring)
                                (no ring)

@: confused, brilliant, lethally poisoned, short of breath, slowed, very slow,
not resistant to hostile enchantments, very unstealthy
A: breathe frost, unfitting armour, cold resistance 1, cold-blooded, AC +6
a: Breathe Frost, Animate Dead, Recall Undead Slaves, Injury Mirror, Renounce
Religion


You were on level 6 of the Dungeon.
You worshipped Yredelemnul.
Yredelemnul was most pleased with you.
You were not hungry.

You visited 1 branch of the dungeon, and saw 6 of its levels.

You collected 252 gold pieces.

Inventory:

Hand weapons
 a - a +1 mace of crushing (weapon)
 b - a +0 blowgun
Missiles
 k - 9 stones (quivered)
 w - 13 poisoned needles
 C - 6 curare-tipped needles
Armour
 i - a +0 pair of boots (worn)
 q - a +0 hat (worn)
Magical devices
 x - a wand of disintegration (5)
 B - a wand of digging (6)
Comestibles
 c - 3 bread rations
 l - 3 meat rations
 s - a beef jerky
 D - a slice of pizza
 E - a chunk of orc flesh
Scrolls
 d - 5 scrolls of amnesia {unknown}
 g - a scroll of enchant weapon {unknown}
 m - 4 scrolls of recharging {unknown}
 n - 11 scrolls of remove curse {unknown}
 p - 7 scrolls of identify {unknown}
 v - a scroll of teleportation {unknown}
 F - a scroll of random uselessness {unknown}
 I - a scroll of magic mapping {unknown}
 J - a scroll of noise {unknown}
 K - a scroll of fear {unknown}
Jewellery
 f - a +3 ring of intelligence {unknown}
 j - a cursed ring of loudness {unknown}
 r - an uncursed ring of magical power {unknown}
 y - an uncursed ring of see invisible {unknown}
Potions
 h - 3 potions of agility
 o - a potion of porridge
 t - a potion of might {unknown}
 u - a potion of brilliance
 z - a potion of restore abilities {unknown}
 A - a potion of cure mutation {unknown}
 G - a potion of poison {unknown}
 H - a potion of magic {unknown}


   Skills:
 - Level 2.1 Fighting
 + Level 9.8 Maces & Flails
 - Level 1.3 Dodging
 - Level 3.0 Invocations


You had 7 spell levels left.
You didn't know any spells.

Dungeon Overview and Level Annotations

Branches:
Dungeon (6/15)
 Temple: D:4-7

Altars:
Dithmenos
Elyvilon
Kikubaaqudgha
Makhleb
Nemelex Xobeh

Annotations:
D:4 Charly's ghost, average FoFi


Innate Abilities, Weirdness & Mutations

You can breathe waves of freezing cold.
You can buffet flying creatures when you breathe cold.
Your icy white scales are hard (AC +6).
Your body does not fit into most forms of armour.
Your flesh is cold resistant.
Your cold-blooded metabolism reacts poorly to cold.


Message History

Drink which item? (? for menu, Esc to quit)
You feel clever all of a sudden.
It was a potion of brilliance.
* * * LOW HITPOINT WARNING * * *
You feel very sick.
The kobold shoots a curare-tipped needle.
The curare-tipped needle barely misses you.
The curare-tipped needle barely misses your orc zombie.
The curare-tipped needle hits your rat zombie.
Drink which item? (? for menu, Esc to quit)
You are confused.
It was a potion of confusion.
* * * LOW HITPOINT WARNING * * *
You feel sick.
The kobold shoots a curare-tipped needle.
The curare-tipped needle hits you.
You are more poisoned.
You have difficulty breathing.
You die...
Your body rises from the dead as a mindless zombie.

###o .... ### ....# #..
#...# #.# ### #...# #.#
#.. #...## #.# #.#
#..... #K# #.#
#..########## #)# #.#
..ZZZ.ZZ....# #@# #.#
#ZZ#####Z##.# #Z# #.#
#ZZ# #......# ##Z####.##
.ZZ###......###.#.##...#
............o.(###...#.#
..####......###.#.##...#
### #.(....# ##.#######
##########..# #...#
........ #..# ###Z#
#########


You could see a kobold, a friendly rat zombie and a friendly orc zombie.

Vanquished Creatures
  A necrophage (D:5)
  An ogre (D:6)
  A centaur (D:6)
  A giant frog (D:6)
  A water moccasin zombie (D:5)
  3 crimson imps
  3 orc priests (D:6)
  2 orc wizards (D:5)
  Natasha (D:6)
  A worker ant (D:5)
  Ijyb (D:4)
  8 adders
  2 orc skeletons (D:5)
  2 worms (D:2)
  An iguana zombie (D:5)
  An adder skeleton (D:5)
  3 giant geckos
  8 orcs
  9 bats
  10 giant cockroaches
  12 goblins
  12 hobgoblins
  11 jackals
  3 quokkas
  A ball python (D:1)
  A giant gecko zombie (D:5)
  5 giant newts
  A hobgoblin zombie (D:5)
  9 kobolds
  20 rats
  A plant (D:5)
136 creatures vanquished.

Vanquished Creatures (collateral kills)
  A hippogriff (D:6)
  Menkaure (D:5)
  An orc warrior (D:6)
  A goliath beetle (D:6)
  An orc wizard (D:6)
  A hound zombie (D:5)
  An adder (D:3)
  An orc zombie (D:5)
  A worm (D:3)
  4 orcs (D:6)
  5 bats
  2 goblins
  A hobgoblin (D:2)
  A quokka (D:3)
  A giant newt (D:1)
  A giant newt zombie (D:5)
  A kobold (D:3)
  A rat (D:6)
  A rat skeleton (D:5)
27 creatures vanquished.

Vanquished Creatures (others)
  A giant frog skeleton (D:6)
  An adder zombie (D:3)
  3 bat zombies
  2 giant cockroach zombies (D:5)
  A giant newt zombie (D:4)
  A goblin zombie (D:4)
  A hobgoblin zombie (D:4)
  2 jackal zombies (D:4)
  An orc skeleton (D:5)
  4 orc zombies
  A quokka zombie (D:1)
  A rat zombie (D:5)
19 creatures vanquished.

Grand Total: 182 creatures vanquished

Notes
Turn   | Place    | Note
--------------------------------------------------------------
     0 | D:1      | Raurakos, the Draconian Death Knight, began the quest for the Orb.
     0 | D:1      | Reached XP level 1. HP: 17/17 MP: 2/2
   167 | D:1      | Reached XP level 2. HP: 24/24 MP: 3/3
   663 | D:1      | Acquired Yredelemnul's second power
   663 | D:1      | Reached XP level 3. HP: 22/29 MP: 1/5
  1137 | D:2      | Reached skill level 4 in Maces & Flails
  1677 | D:2      | Reached XP level 4. HP: 19/36 MP: 6/6
  2680 | D:3      | Reached skill level 5 in Maces & Flails
  3053 | D:3      | Found a burning altar of Makhleb.
  3054 | D:3      | Found an ancient bone altar of Kikubaaqudgha.
  3055 | D:3      | Found a white marble altar of Elyvilon.
  3058 | D:3      | Found a shadowy altar of Dithmenos.
  3360 | D:3      | Reached XP level 5. HP: 41/41 MP: 8/8
  4009 | D:4      | Noticed Ijyb
  4014 | D:4      | Killed Ijyb
  4102 | D:4      | Acquired Yredelemnul's third power
  4104 | D:4      | Noticed Charly's ghost (average FoFi)
  4173 | D:4      | Noticed a phantom
  4571 | D:5      | Entered Level 5 of the Dungeon
  4646 | D:5      | Reached skill level 6 in Maces & Flails
  4790 | D:5      | Reached XP level 6. HP: 48/48 MP: 6/9
  4839 | D:5      | Noticed a necrophage
  4845 | D:5      | Killed a necrophage
  4845 | D:5      | Reached skill level 7 in Maces & Flails
  4929 | D:5      | Received a gift from Yredelemnul
  5427 | D:5      | Noticed Menkaure
  5444 | D:5      | Killed Menkaure
  5444 | D:5      | Your scales start taking on an icy white colour.
  5444 | D:5      | Gained mutation: Your flesh is cold resistant. [draconian maturity]
  5444 | D:5      | Reached XP level 7. HP: 55/55 MP: 11/11
  5899 | D:6      | Reached skill level 8 in Maces & Flails
  6000 | D:6      | Found a sparkling altar of Nemelex Xobeh.
  6172 | D:6      | Reached skill level 9 in Maces & Flails
  6296 | D:6      | Noticed Natasha
  6332 | D:6      | Reached XP level 8. HP: 35/61 MP: 12/12
  6531 | D:6      | Killed Natasha
  6545 | D:6      | HP: 3/61 [poisoned by kobold (curare-tipped needle)]
  6545 | D:6      | Asphyxiated

Action                   |  1- 3 |  4- 6 |  7- 9 || total
-------------------------+-------+-------+-------++-------
Melee: Mace              |    80 |    59 |    80 ||   219
       Flail             |    43 |   174 |       ||   217
 Fire: Blowgun           |       |       |    10 ||    10
Throw: Stone             |     2 |       |     1 ||     3
Invok: Animate Remains   |    19 |    19 |       ||    38
       Animate Dead      |       |     7 |     7 ||    14
Evoke: Wand              |       |    15 |     1 ||    16
  Use: Potion            |       |       |     2 ||     2
 Stab: Distracted        |       |       |     2 ||     2
       Sleeping          |       |       |     1 ||     1
  Eat: Chunk             |     4 |    13 |     5 ||    22
